 Dungeon Crawl Stone Soup version 0.26-a0-1132-ge9770dfcb6 (webtiles) character file.

Game seed: 5266544558707234397

41 sahdkjhfkaj the Chopper (level 3, -5/30 HPs)
             Began as a Minotaur Gladiator on Dec 20, 2020.
             Killed by divine providence
             ... invoked by an orc priest
              (13 damage)
             ... on level 2 of the Dungeon.
             The game lasted 00:01:32 (1068 turns).

sahdkjhfkaj the Chopper (Minotaur Gladiator)        Turns: 1068, Time: 00:01:33

Health: -5/30      AC:  5    Str: 19    XL:     3   Next: 32%
Magic:  2/2        EV: 11    Int:  5    God:
Gold:   50         SH:  3    Dex: 11    Spells: 2/2 levels left

rFire    . . .     SeeInvis .   a - -1 hand axe (curse)
rCold    . . .     Faith    .   i - +0 buckler
rNeg     . . .     Spirit   .   e - +0 ring mail
rPois    .         Reflect  .   c - +0 hat
rElec    .         Harm     .   (no cloak)
rCorr    .         Rampage  .   (no gloves)
Will     .....                  (no boots)
Stlth    +.........             (no amulet)
HPRegen  0.10/turn              (no ring)
MPRegen  0.08/turn              (no ring)

@: no status effects
A: retaliatory headbutt, horns 2
a: no special abilities


You were on level 2 of the Dungeon.
You visited 1 branch of the dungeon, and saw 2 of its levels.

You collected 50 gold pieces.

Inventory:

Hand Weapons
 a - a cursed -1 hand axe (weapon)
 f - a +0 war axe
Missiles
 d - 3 throwing nets (quivered) {!f}
Armour
 c - a +0 hat (worn)
 e - a +0 ring mail (worn)
 i - a +0 buckler (worn)
Scrolls
 b - a scroll of teleportation {unknown}
 g - a scroll of enchant armour {unknown}
 j - a scroll of fog {unknown}
 l - a scroll of immolation {unknown}
Potions
 h - a potion of lignification {unknown}
 k - a potion of might {unknown}


   Skills:
 - Level 2.9 Fighting
 - Level 4.3 Axes
 - Level 2.0 Throwing
 - Level 1.2 Armour
 - Level 3.5 Dodging
 + Level 1.2 Shields


You had 2 spell levels left.
You didn't know any spells.
Your spell library was empty.

Dungeon Overview and Level Annotations

Branches:
Dungeon (2/15)

Altars:


Innate Abilities, Weirdness & Mutations

You reflexively headbutt those who attack you in melee.
You have a pair of horns on your head.


Message History

The leopard gecko barely misses you.
You barely miss the leopard gecko. You headbutt the leopard gecko.
You kill the leopard gecko!
You closely miss the orc.
The orc priest invokes the aid of Beogh against you.
Beogh smites you!
* * * LOW HITPOINT WARNING * * *
The orc barely misses you.
You barely miss the orc. The orc hits you but does no damage.
Unknown command.
Unknown command.
Unknown command.
You closely miss the orc. The orc closely misses you.
Unknown command.
You hit the orc but do no damage. Your headbutt misses the orc.
The orc barely misses you.
You hit the orc but do no damage. Your headbutt misses the orc.
The orc priest invokes the aid of Beogh against you.
Beogh smites you!
You die...

#.###.#.# #...#.#.#
###.#.#.# #.#.#.#
#.#.#.# . #.#.#.# ...
#.#.#(##
.....############...#...
....ooo@).....>######.##
.....######.##.# #...
... ##+##'######... .
#........##...⌠
#..............
#........##....
#........##....
#........######
#........#


You could see 2 orc priests and an orc.

Vanquished Creatures
  A worm (D:2)
  2 dart slugs (D:1)
  2 leopard geckos
  An orc (D:2)
  7 hobgoblins
  4 kobolds
  2 bats
  2 frilled lizards
  4 goblins
  5 rats (D:1)
30 creatures vanquished.

Notes
Turn   | Place    | Note
-------+----------+-------------------------------------------
     0 | D:1      | sahdkjhfkaj the Minotaur Gladiator began the quest for the
                  | Orb.
     0 | D:1      | Reached XP level 1. HP: 18/18 MP: 0/0
   184 | D:1      | Reached XP level 2. HP: 25/25 MP: 1/1
   313 | D:1      | Reached skill level 4 in Axes
   425 | D:1      | Reached skill level 1 in Armour
   851 | D:2      | Reached XP level 3. HP: 30/30 MP: 2/2
  1057 | D:2      | Reached skill level 1 in Shields
  1068 | D:2      | Killed from afar by an orc priest

Illustrated notes

Levels and vault maps discovered:
D:1:      dpeg_arrival_round_b, layout_loops_ring, nrook_uturn
D:2:      layout_basic, solitary_fountain

Skill      XL: |  1  2  3 |
---------------+----------+-----
Axes           | 4 |  4.3
Armour         | 1 |  1.2
Shields        | 1 |  1.2
Fighting       | |  2.9
Throwing       | |  2.0
Dodging        | |  3.5

Action                   || total
-------------------------++-------
Melee: War axe           ||    34
       Headbutt          ||    12
       Hand axe          ||    40
Armor: Leather armour    ||     2
       Ring mail         ||    16
Dodge: Dodged            ||    43
Block: Buckler           ||     4

Table legend: (Time is in decaauts)
 A = Elapsed time spent in this place.
 B = Non-inter-level travel time spent in this place.
 C = Inter-level travel time spent in this place.
 D = Time resting spent in this place.
 E = Time spent auto-exploring this place.
 F = Levels seen in this place.
 G = Mean time per level.
                   A        B        C        D        E       F      G
               +--------+--------+--------+--------+--------+-----+--------+
         Total |   1081 |   1049 |     32 |      0 |    862 |   2 |  540.5 |
       Dungeon |   1081 |   1049 |     32 |      0 |    862 |   2 |  540.5 |
               +--------+--------+--------+--------+--------+-----+--------+

Top non-repeatable levels by time:
     D:1: 852 daAuts
     D:2: 229 daAuts
